 Dungeon Sprint DCSS version 0.29-a0-284-gf9362112df (webtiles) character file.

Game seed: 10548786538858674391

9215 mhtbhm the Impaler (level 11, -2/175 HPs)
             Began as a Minotaur Berserker on Mar 26, 2022.
             Was the Champion of Trog.
             Succumbed to Raihyag's poison
             ... in the Dungeon (Sprint VII: "The Pits").
             The game lasted 00:03:14 (2685 turns).

mhtbhm the Impaler (Minotaur Berserker)             Turns: 2685, Time: 00:03:14

Health: -2/175     AC: 29    Str: 25    XL:     11   Next: 20%
Magic:  10/10      EV: 11    Int:  4    God:    Trog [******]
Gold:   0          SH:  0    Dex: 14    Spells: 10/10 levels left

rFire   . . .      SeeInvis .   a - +2 halberd (protect)
rCold   . . .      Faith    .   (shield currently unavailable)
rNeg    . . .      Spirit   .   b - +3 plate armour
rPois   .          Reflect  .   (helmet restricted)
rElec   .          Harm     .   (no cloak)
rCorr   .          Rampage  .   (no gloves)
Will    .....      NoTele   +   o - +0 pair of boots
Stlth   ..........              (no amulet)
HPRegen 0.39/turn               l - +3 ring of dexterity
MPRegen 0.12/turn               (no ring)

@: berserking (expiring), lethally poisoned (-2 -> -42), under a protective
aura, very quick
A: horns 2, retaliatory headbutt
a: Renounce Religion, Berserk, Trog's Hand, Brothers in Arms


You were in the Dungeon.
You worshipped Trog.
Trog was exalted by your worship.
You visited 1 branch

Inventory:

Hand Weapons
 a - a +2 halberd of protection (weapon)
Missiles
 q - 2 curare-tipped darts (quivered)
Armour
 b - a +3 plate armour (worn)
 o - a +0 pair of boots (worn)
Jewellery
 k - a +3 ring of evasion
 l - a +3 ring of dexterity (left hand)
Wands
 p - a wand of acid (10)
Potions
 c - 3 potions of curing
 d - 9 potions of heal wounds
 e - a potion of haste
 f - 4 potions of magic
 g - 3 potions of berserk rage
 i - 2 potions of invisibility
 m - a potion of might
 n - 2 potions of mutation


   Skills:
 + Level 17.1 Fighting
 + Level 20.6 Polearms
 + Level 17.0 Armour
 + Level 8.2 Dodging
 + Level 2.2 Stealth


You had 10 spell levels left.
You didn't know any spells.
Your spell library was empty.

Dungeon Overview and Level Annotations

Branches:
Dungeon (1/1)

Altars:
Ashenzari
Cheibriados
Dithmenos
Elyvilon
Fedhas
Gozag
Hepliaklqana
Kikubaaqudgha
Makhleb
Nemelex Xobeh
Okawaru
Qazlal
Ru
Sif Muna
Trog
Uskayaw
Vehumet
Wu Jian
Xom
Yredelemnul
Zin
The Shining One
Beogh
Jiyva
Lugonu


Innate Abilities, Weirdness & Mutations

You have a pair of horns on your head.
You reflexively headbutt those who attack you in melee.


Message History

Raihyag is heavily wounded.
You feel very sick.
Your cyclops closely misses Raihyag.
You closely miss Raihyag.
Raihyag is heavily wounded.
You feel very sick. Raihyag hits you.
You are more poisoned.
You impale Raihyag!! Your headbutt misses Raihyag.
Raihyag is severely wounded.
You feel very sick.
Your cyclops completely misses Raihyag.
Raihyag hits you!
* * * LOW HITPOINT WARNING * * *
You are more poisoned.
You miss Raihyag.
Raihyag is severely wounded.
* * * LOW HITPOINT WARNING * * *
You feel extremely sick.
You impale Raihyag!! Your headbutt misses Raihyag.
Raihyag is severely wounded.
* * * LOW HITPOINT WARNING * * *
You feel very sick. Raihyag hits you!
* * * LOW HITPOINT WARNING * * *
Your cyclops hits Raihyag!!
Unknown command.
You miss Raihyag.
Raihyag is severely wounded.
* * * LOW HITPOINT WARNING * * *
You feel very sick. Raihyag barely misses you. You furiously retaliate!
You headbutt Raihyag, but do no damage. You puncture Raihyag!
Your headbutt misses Raihyag.
Raihyag is almost dead.
* * * LOW HITPOINT WARNING * * *
You feel very sick.
Your cyclops hits Raihyag!!! Raihyag hits you.
* * * LOW HITPOINT WARNING * * *
You are more poisoned.
You die...

#+# #C# #&# #.#
#@# #.# #'#
################'#
....†..........).#
..............)..#
+##############..#
#..# #..#


You could see Raihyag (ally target) and a friendly cyclops (summoned, berserk).

Vanquished Creatures
  A royal mummy (D)
  A frost giant (D)
  A vampire mage (D)
  Sonja (D)
  2 skeletal warriors (D)
  A molten gargoyle (D)
  A demonic crawler (D)
  A komodo dragon (D)
  3 blink frogs (D)
  A ynoxinul (D)
  A fire bat (D)
  2 vampire mosquitoes (D)
  An acid dragon (D)
  A water moccasin (D)
  A floating eye (D)
  An ice beast (D)
  A phantom (D)
  A bullfrog (D)
  4 wights (D)
  A crimson imp (D)
  A jelly (D)
  An orc priest (D)
  A mummy (D)
  A gnoll (D)
  3 white imps (D)
  An adder zombie (D)
  2 orcs (D)
  A ball python (D)
  A bat zombie (D)
  A goblin (D)
  2 quokkas (D)
  A frilled lizard (D)
  3 rats (D)
46 creatures vanquished.

Vanquished Creatures (collateral kills)
  2 skeletal warriors (D)
2 creatures vanquished.

Grand Total: 48 creatures vanquished

Notes
Turn   | Place    | Note
-------+----------+-------------------------------------------
     0 | D        | mhtbhm the Minotaur Berserker began the quest for the Orb.
     0 | D        | Reached XP level 1. HP: 19/19 MP: 0/0
    11 | D        | Noticed a floating eye
    14 | D        | Killed a floating eye
    15 | D        | Reached skill level 7 in Polearms
    15 | D        | Reached XP level 2. HP: 34/34 MP: 1/1
    15 | D        | Reached XP level 3. HP: 39/39 MP: 2/2
    15 | D        | Reached XP level 4. HP: 47/47 MP: 3/3
   120 | D        | Found a bloodstained altar of Trog.
   120 | D        | Found a shimmering blue altar of Sif Muna.
   120 | D        | Found a viscous altar of Jiyva.
   120 | D        | Found a hazy altar of Hepliaklqana.
   120 | D        | Found an opulent altar of Gozag.
   121 | D        | Found a glowing golden altar of the Shining One.
   121 | D        | Found a glowing silver altar of Zin.
   121 | D        | Found a basalt altar of Yredelemnul.
   121 | D        | Found a shimmering altar of Xom.
   121 | D        | Found an ornate altar of the Wu Jian Council.
   121 | D        | Found a sacrificial altar of Ru.
   121 | D        | Found a stormy altar of Qazlal.
   121 | D        | Found an iron altar of Okawaru.
   121 | D        | Found a sparkling altar of Nemelex Xobeh.
   121 | D        | Found a burning altar of Makhleb.
   121 | D        | Found a blossoming altar of Fedhas.
   121 | D        | Found a white marble altar of Elyvilon.
   121 | D        | Found a shadowy altar of Dithmenos.
   121 | D        | Found a snail-covered altar of Cheibriados.
   123 | D        | Found a radiant altar of Vehumet.
   123 | D        | Found a corrupted altar of Lugonu.
   161 | D        | Reached ** piety under Trog
   162 | D        | Reached skill level 8 in Polearms
   273 | D        | Reached *** piety under Trog
   368 | D        | Noticed a fire bat
   375 | D        | Killed a fire bat
   376 | D        | Reached skill level 10 in Polearms
   376 | D        | Reached skill level 5 in Dodging
   376 | D        | Reached XP level 5. HP: 46/57 MP: 4/4
   376 | D        | Reached XP level 6. HP: 51/64 MP: 5/5
   439 | D        | Noticed a water moccasin
   450 | D        | Killed a water moccasin
   450 | D        | Reached **** piety under Trog
   451 | D        | Reached skill level 10 in Fighting
   451 | D        | Reached skill level 11 in Polearms
   451 | D        | Reached skill level 5 in Armour
   468 | D        | Reached skill level 12 in Polearms
   484 | D        | Noticed a demonic crawler
   496 | D        | Killed a demonic crawler
   496 | D        | Reached ***** piety under Trog
   497 | D        | Reached skill level 13 in Polearms
   497 | D        | Reached XP level 7. HP: 50/75 MP: 6/6
   687 | D        | Reached skill level 14 in Polearms
   687 | D        | Received a gift from Trog
   721 | D        | Noticed a ynoxinul
   734 | D        | Reached XP level 8. HP: 76/85 MP: 7/7
   882 | D        | Found a hide-covered altar of Uskayaw.
   882 | D        | Found an ancient bone altar of Kikubaaqudgha.
   882 | D        | Found a broken altar of Ashenzari.
   917 | D        | Reached skill level 15 in Polearms
   923 | D        | Received a gift from Trog
  1091 | D        | Noticed Sonja
  1099 | D        | Killed Sonja
  1100 | D        | Reached skill level 16 in Polearms
  1100 | D        | Reached skill level 1 in Stealth
  1100 | D        | Reached XP level 9. HP: 77/95 MP: 8/8
  1337 | D        | Noticed a frost giant
  1346 | D        | Reached skill level 10 in Armour
  1352 | D        | Killed a frost giant
  1352 | D        | Reached ****** piety under Trog
  1353 | D        | Reached skill level 17 in Polearms
  1356 | D        | Reached skill level 15 in Fighting
  1356 | D        | Reached skill level 18 in Polearms
  1694 | D        | Noticed a molten gargoyle
  1698 | D        | Noticed a skeletal warrior
  1702 | D        | Killed a molten gargoyle
  1703 | D        | Reached XP level 10. HP: 81/105 MP: 9/9
  1712 | D        | Killed a skeletal warrior
  1796 | D        | Noticed a skeletal warrior
  1797 | D        | Noticed a skeletal warrior
  1797 | D        | Noticed a skeletal warrior
  1810 | D        | Killed a skeletal warrior
  1811 | D        | Reached skill level 19 in Polearms
  1815 | D        | HP: 2/160 [skeletal warrior/+0 glaive[a skeletal warrior]
                  | (14)]
  1826 | D        | Killed a skeletal warrior
  1829 | D        | Killed a skeletal warrior
  1829 | D        | Received a gift from Trog
  2150 | D        | Noticed a vampire mage
  2170 | D        | Killed a vampire mage
  2171 | D        | Reached skill level 15 in Armour
  2450 | D        | Noticed a royal mummy
  2456 | D        | Noticed a death scarab
  2459 | D        | Killed a royal mummy
  2460 | D        | Reached skill level 20 in Polearms
  2460 | D        | Reached XP level 11. HP: 88/117 MP: 10/10
  2655 | D        | Noticed Raihyag the pandemonium lord
  2684 | D        | HP: 5/175 [Raihyag the pandemonium lord (6)]
  2685 | D        | Succumbed to Raihyag's poison

Illustrated notes

Levels and vault maps discovered:
D:        pitsprint [storerooms_1, entrance_room_1, metal_vault_5, armoury_2,
          mini_pit_1, grid_room_1, main_hall_1, silver_pit, the_coven_3,
          the_vestibule_1, steel_vault_3, golden_pit, hallway_of_sentries,
          crystal_vault_2, iron_vault_1, final_vault]

Skill      XL: |  1  2  3  4  5  6  7  8  9 10 |
---------------+-------------------------------+-----
Fighting       | 7 9 11 12 14 15 17 | 17.1
Polearms       | 7 10 13 14 16 18 20 | 20.6
Armour         | 4 6 7 9 12 17 | 17.0
Dodging        | 3 5 6 7 8 |  8.2
Stealth        | 1 2 |  2.2

Action                   |  1- 3 |  4- 6 |  7- 9 | 10-12 || total
-------------------------+-------+-------+-------+-------++-------
Melee: Spear             |     3 |       |       |       ||     3
       Trident           |       |    59 |    34 |       ||    93
       Headbutt          |       |     4 |    15 |    21 ||    40
       Halberd           |       |       |    55 |    82 ||   137
Invok: Berserk           |       |     1 |     1 |     3 ||     5
       Brothers in Arms  |       |       |       |     2 ||     2
  Use: Potion            |       |     1 |       |     7 ||     8
       Scroll            |       |       |       |     2 ||     2
Armor: Chain mail        |       |    16 |    17 |       ||    33
       Animal skin       |       |     5 |       |       ||     5
       Plate armour      |       |       |    30 |    34 ||    64
Dodge: Dodged            |       |    16 |    21 |    24 ||    61

Table legend: (Time is in decaauts)
 A = Elapsed time spent in this place.
 B = Non-inter-level travel time spent in this place.
 C = Inter-level travel time spent in this place.
 D = Time resting spent in this place.
 E = Time spent auto-exploring this place.
 F = Levels seen in this place.
 G = Mean time per level.
                   A        B        C        D        E       F      G
               +--------+--------+--------+--------+--------+-----+--------+
         Total |   2651 |   2651 |      0 |   1986 |    118 |   1 | 2651.0 |
       Dungeon |   2651 |   2651 |      0 |   1986 |    118 |   1 | 2651.0 |
               +--------+--------+--------+--------+--------+-----+--------+

Top non-repeatable levels by time:
       D: 2651 daAuts
